 Dungeon Crawl Stone Soup version 0.30-a0-367-g839099abd5 (webtiles) character file.

Game seed: 2742230183752471242

0 Aramant the Firebug (level 1, -5/18 HPs)
             Began as a Human Cinder Acolyte on Nov 18, 2022.
             Was a High Priest of Ignis.
             Slain by a gnoll
             ... wielding a +0 spear
              (6 damage)
             ... on level 2 of the Dungeon.
             The game lasted 00:00:50 (19 turns).

Aramant the Firebug (Human Cinder Acolyte)            Turns: 19, Time: 00:00:52

Health: -5/18      AC:  9    Str: 14    XL:     1   Next: 0%
Magic:  2/2        EV: 11    Int: 14    God:    Ignis [*****.]
Gold:   6          SH:  0    Dex:  8    Spells: 2/2 levels left

rFire   + . .      SeeInvis .    a - -1 falchion (flame)
rCold   . . .      Faith    .    (no shield)
rNeg    . . .      Spirit   .    b - +0 robe
rPois   .          Reflect  .    (no helmet)
rElec   .          Harm     .    (no cloak)
rCorr   .          Rampage  .    (no gloves)
Will    .....                    (no boots)
Stlth   +.........               (no amulet)
HPRegen 0.23/turn                (no ring)
MPRegen 0.08/turn                (no ring)

@: fiery-armoured
A: no striking features
a: Renounce Religion, Fiery Armour, Foxfire Swarm, Rising Flame


You were on level 2 of the Dungeon.
You worshipped Ignis.
Ignis was extremely pleased with you.
You visited 1 branch of the dungeon, and saw 2 of its levels.

You collected 6 gold pieces.

Inventory:

Hand Weapons
 a - a -1 falchion of flaming (weapon)
Armour
 b - a +0 robe (worn)


   Skills:
 + Level 3.0 Fighting
 + Level 3.0 Long Blades
 + Level 1.0 Spellcasting
 + Level 3.0 Fire Magic


You had 2 spell levels left.
You didn't know any spells.
Your spell library contained the following spells:

 Spells                   Type           Power      Damage    Failure   Level
 Scorch                   Fire           18%        2d6       12%         2


Dungeon Overview and Level Annotations

Branches:
Dungeon (2/15)

Altars:


Message History

Welcome, Aramant the Human Cinder Acolyte.
Everyone else who sought the Orb of Zot has failed.
Will you be different? The flames of Ignis gently warm you.
Press ? for a list of commands and other information.
Found a staircase leading out of the dungeon.
Okay, then.
Okay, then.
Found an escape hatch in the floor.
You now have 6 gold pieces.
There is an escape hatch in the floor here.
You slide downwards.
The hatch slams shut behind you.
The gnoll shouts! x2
Found a chain mail and a robe.
A goblin comes into view. It is wielding a +0 club.
The goblin shouts!
You hit the gnoll. You burn the gnoll.
The gnoll is lightly wounded.
You hit the gnoll but do no damage.
The gnoll is lightly wounded.
The quokka completely misses you. The gnoll hits you with a +0 flail.
The gnoll hits you from afar with a +0 spear!
The quokka bites you.
* * * LOW HITPOINT WARNING * * *
A protective cloak of flame settles atop you.
The rat bites you.
* * * LOW HITPOINT WARNING * * *
The rat is burned by your cloak of flames.
You kill the rat!
The gnoll closely misses you.
The gnoll hits you from afar with a +0 spear.
You die...

....... .......
....... .......
.
...[...#####+#..
..............#
...g....r[....#
#@.g....#
#g†g....#
#.......#
#.........
#.........
#.........
########.. .


You could see 3 gnolls, a quokka and a goblin.

Vanquished Creatures
  A rat (D:2)
1 creature vanquished.

Notes
Turn   | Place    | Note
-------+----------+-------------------------------------------
     0 | D:1      | Aramant the Human Cinder Acolyte began the quest for the
                  | Orb.
     0 | D:1      | Reached XP level 1. HP: 18/18 MP: 2/2
    19 | D:2      | Slain by a gnoll

Illustrated notes

Levels and vault maps discovered:
D:1:      amcnicky_arrival_flooded_fountain, layout_rooms, serial_curves,
          eino_curves_02, eino_curves_01
D:2:      layout_basic

Action                   || total
-------------------------++-------
Melee: Falchion          ||     2
Invok: Fiery Armour      ||     1
Dodge: Dodged            ||     2

Table legend: (Time is in decaauts)
 A = Elapsed time spent in this place.
 B = Non-inter-level travel time spent in this place.
 C = Inter-level travel time spent in this place.
 D = Time resting spent in this place.
 E = Time spent auto-exploring this place.
 F = Levels seen in this place.
 G = Mean time per level.
                   A        B        C        D        E       F      G
               +--------+--------+--------+--------+--------+-----+--------+
         Total |     19 |     19 |      0 |      0 |      4 |   2 |    9.5 |
       Dungeon |     19 |     19 |      0 |      0 |      4 |   2 |    9.5 |
               +--------+--------+--------+--------+--------+-----+--------+

Top non-repeatable levels by time:
     D:1: 15 daAuts
     D:2: 4 daAuts
